Map: Daybreak LE (Void)

Players

JimRising

  • Race: Zerg Zerg
  • League: Master
  • Spawn Location: 1:00

Zelos - Winner!

  • Race: Terran Terran
  • League: Master
  • Spawn Location: 7:00

VOD

Have the link to the VOD?

Description

Time

  • Played on: Nov. 26, 2016, 4:20 p.m.
  • Length: 11:24
Show
View Real Time Build Order
Export as new Build Order

JimRising Zerg 

Build Orders: Hatch First, Muta Ling Bane 

Get SALT Encoding   

  12  0:03  Drone  
  13  0:12  Overlord  
  13  0:17  Drone  
  14  0:31  Drone x2  
  16  0:36  Drone  
  17  0:53  Hatchery  
  17  0:56  Drone  
  17  1:00  Drone  
  17  1:02  Extractor  
  17  1:17  Spawning Pool  
  16  1:18  Drone  
  16  1:23  Drone  
  18  1:29  Drone  
  19  1:40  Overlord  
  19  1:50  Drone  
  20  2:03  Queen  
  20  2:05  Queen  
  20  2:06  Zergling x4  
  26  2:12  Metabolic Boost  
  26  2:16  Drone  
  26  2:19  Drone  
  28  2:23  Drone  
  29  2:35  Drone x2  
  29  2:38  Drone  
  30  2:45  Queen  
  30  2:49  Overlord  
  32  2:53  Drone  
  32  2:55  Drone  
  34  3:00  Drone  
  35  3:14  Drone x3  
  35  3:15  Drone x5  
  43  3:26  Lair  
  43  3:32  Hatchery  
  42  3:36  Drone x2  
  42  3:40  Overlord  
  44  3:43  Overlord  
  44  3:55  Overlord  
  44  3:56  Baneling Nest  
  44  3:57  Extractor  
  44  3:58  Drone, Extractor x2  
  44  4:00  Drone x3  
  44  4:01  Drone  
  45  4:09  Drone x3  
  48  4:13  Drone  
  49  4:19  Zergling x4  
  49  4:20  Zergling x4  
  53  4:33  Drone x3, Overlord  
  53  4:37  Spire  
  55  4:41  Zergling x2  
  55  4:42  Drone  
  55  4:45  Spine Crawler  
  56  4:53  Drone x2  
  56  4:54  Drone x2  
  56  4:55  Drone  
  56  4:58  Baneling x6  
  61  5:00  Drone x4  
  61  5:04  Drone x2  
  68  5:07  Baneling, Zergling x2  
  68  5:12  Overlord  
  69  5:15  Drone  
  69  5:17  Drone  
  71  5:25  Zergling x2  
  71  5:26  Zergling x6  
  73  5:30  Zergling x8  
  73  5:34  Queen  
  78  5:35  Overlord  
  78  5:36  Overlord x2  
  77  5:56  Mutalisk x6  
  82  6:01  Extractor  
  82  6:03  Drone x3  
  82  6:04  Overlord x2  
  88  6:05  Baneling x2  
  88  6:06  Mutalisk  
  88  6:08  Zergling x4  
  88  6:12  Zergling x6  
  88  6:15  Zergling x4  
  88  6:18  Baneling x4  
  91  6:19  Baneling  
  91  6:23  Zergling x6  
  94  6:27  Mutalisk  
  90  6:34  Mutalisk  
  90  6:35  Zergling x4  
  90  6:36  Zergling x2  
  90  6:42  Mutalisk  
  90  6:44  Zergling x4  
  91  6:47  Zergling x2  
  90  6:54  Overlord  
  90  6:55  Overlord  
  83  7:04  Mutalisk x2  
  83  7:06  Drone x2  
  80  7:11  Mutalisk  
  80  7:18  Zergling x6  
  80  7:21  Hatchery  
  82  7:31  Zerg Flyer Weapons Level 1  
  82  7:33  Mutalisk  
  82  7:36  Hatchery  
  83  7:40  Zergling x6  
  83  7:41  Zergling x2  
  87  7:46  Mutalisk  
  87  7:47  Mutalisk  
  87  7:48  Overlord x2  
  91  7:54  Zergling x2  
  91  7:55  Overlord x2  
  92  8:17  Centrifical Hooks  
  92  8:19  Evolution Chamber  
  91  8:21  Baneling x6, Evolution Chamber  
  91  8:22  Baneling x2  
  91  8:23  Drone x3  
  91  8:24  Drone x2  
  95  8:27  Overlord  
  95  8:33  Zergling x12  
  101  8:34  Baneling x2  
  101  8:35  Baneling x4  
  101  8:37  Extractor  
  100  8:42  Extractor, Queen  
  100  8:48  Zergling x6  
  104  8:55  Zergling x12  
  109  8:57  Baneling  
  109  8:58  Baneling  
  109  9:00  Zerg Ground Armor Level 1  
  110  9:07  Zerg Melee Weapons Level 1  
  108  9:10  Zergling x2  
  108  9:11  Zergling x8  
  108  9:13  Baneling x2  
  105  9:27  Mutalisk x2  
  99  9:40  Mutalisk  
  99  9:42  Overseer  
  85  9:52  Drone x4  
  89  9:53  Drone x3  
  89  9:56  Extractor  
  89  9:58  Extractor  
  90  10:00  Drone x3  
  90  10:04  Baneling x7, Hatchery  
  92  10:07  Zergling x4  
  92  10:08  Queen, Zergling x2  
  92  10:11  Overseer  
  97  10:17  Mutalisk  
  97  10:18  Overlord  
  97  10:19  Zergling x2  
  100  10:22  Zergling x2  
  100  10:25  Zergling x2  
  100  10:31  Zergling x8  
  100  10:32  Baneling, Zergling x6  
  100  10:33  Baneling x4  
  103  10:53  Mutalisk x3  
  105  11:00  Zergling x2  
  105  11:01  Zergling x12  
  105  11:03  Baneling x5  
  105  11:04  Baneling x5  
Show
View Real Time Build Order
Export as new Build Order

Zelos Terran - Winner!

Build Orders: Reaper Expand, MMM Bio 

Get SALT Encoding   

  12  0:02  SCV  
  14  0:14  SCV  
  14  0:18  Supply Depot  
  14  0:26  SCV  
  15  0:40  SCV  
  15  0:41  Barracks  
  16  0:46  Refinery  
  16  0:54  SCV  
  17  1:06  SCV  
  18  1:19  SCV  
  19  1:29  Reaper  
  19  1:31  Orbital Command  
  20  1:42  Command Center  
  20  1:55  Barracks  
  20  1:58  SCV  
  21  2:02  Barracks Reactor  
  21  2:08  Supply Depot  
  21  2:15  SCV  
  22  2:24  Refinery  
  22  2:39  Marine x2  
  22  2:44  SCV  
  25  2:45  Factory  
  25  2:46  Barracks Tech Lab  
  25  2:54  Orbital Command  
  25  2:56  SCV  
  26  3:00  Marine x2  
  26  3:04  Stimpack  
  28  3:11  Marine  
  29  3:20  Marine x2  
  29  3:24  SCV x2  
  33  3:29  Starport  
  33  3:31  Factory Reactor  
  33  3:35  Marine  
  33  3:36  SCV  
  33  3:40  SCV  
  36  3:41  Marine  
  36  3:42  Marine  
  38  3:48  SCV  
  38  3:52  SCV  
  38  3:54  Marine  
  38  3:55  Supply Depot  
  41  4:00  SCV  
  42  4:04  SCV  
  43  4:12  SCV, Medivac  
  43  4:15  Factory Reactor  
  43  4:16  Marine x3, Medivac  
  43  4:17  SCV  
  52  4:20  Supply Depot  
  52  4:27  SCV  
  52  4:28  Supply Depot  
  52  4:29  SCV  
  54  4:34  Armory  
  54  4:41  Liberator  
  54  4:42  Marine x3, SCV x2  
  54  4:43  Supply Depot  
  59  4:54  Engineering Bay  
  59  4:56  Hellion x2  
  59  4:59  SCV  
  67  5:01  SCV  
  67  5:02  Marine  
  67  5:03  Marine  
  67  5:05  Marine  
  71  5:11  SCV  
  71  5:13  Supply Depot  
  72  5:18  Hellion  
  72  5:19  Hellion  
  76  5:26  Liberator  
  75  5:42  Marine x3  
  78  5:43  Hellion x2  
  85  5:55  SCV x2  
  83  5:58  Barracks  
  83  6:00  Barracks  
  83  6:01  Barracks  
  83  6:14  Command Center  
  83  6:16  Marine x2  
  83  6:17  Marine  
  86  6:20  Terran Infantry Weapons Level 1  
  85  6:33  Hellion x2  
  85  6:38  Marine  
  86  6:44  Liberator  
  86  6:47  Liberator  
  86  6:57  Marine  
  86  6:58  Marine x2, Refinery  
  86  6:59  Refinery, Engineering Bay  
  86  7:00  Hellion  
  85  7:02  Hellion  
  85  7:04  Hellion  
  78  7:15  Marine  
  74  7:17  Marine x2  
  71  7:24  SCV x2  
  71  7:27  Terran Infantry Armor Level 1  
  71  7:29  Missile Turret  
  69  7:30  Barracks Reactor, Barracks Tech Lab  
  69  7:31  Barracks Reactor  
  69  7:33  Marine  
  69  7:35  Marine x2  
  69  7:36  SCV x2, Missile Turret  
  72  7:37  Combat Shields  
  72  7:40  Missile Turret  
  72  7:41  Missile Turret  
  72  7:42  Liberator  
  72  7:44  Missile Turret, Orbital Command  
  72  7:46  Missile Turret  
  72  7:50  SCV x2  
  70  7:55  Marine x3  
  70  7:56  Marine  
  76  8:07  Marine x2  
  76  8:11  SCV x2  
  79  8:13  SCV, Liberator  
  79  8:17  Marine x4  
  79  8:18  Widow Mine x2  
  85  8:23  SCV, Marauder x2  
  85  8:24  SCV  
  85  8:25  SCV  
  92  8:28  Marine x2  
  97  8:36  SCV x2  
  97  8:37  SCV  
  100  8:44  Supply Depot  
  100  8:45  Supply Depot  
  100  8:46  Medivac  
  101  8:49  Orbital Command  
  101  9:00  Marine  
  100  9:03  SCV  
  100  9:06  Marine x6, SCV  
  108  9:18  SCV  
  108  9:23  Marine x2  
  108  9:24  Marine, SCV  
  113  9:26  Marine x5  
  113  9:27  Widow Mine  
  113  9:30  Missile Turret x2  
  116  9:34  Widow Mine  
  116  9:37  Liberator  
  92  9:50  Marine x3  
  92  9:51  Marine x3  
  92  9:52  Marauder x2  
  93  9:53  Medivac  
  93  9:58  Starport, Refinery  
  96  10:00  Refinery  
  96  10:01  Refinery  
  96  10:02  Missile Turret  
  96  10:04  Missile Turret  
  96  10:08  Missile Turret  
  96  10:09  Marine x3  
  96  10:10  Marine x2  
  96  10:11  Marine, Widow Mine x2  
  96  10:14  SCV x3  
  109  10:22  Liberator  
  109  10:26  SCV x2  
  104  10:31  Marine x4  
  104  10:32  Marine, Missile Turret  
  104  10:33  Marauder x2  
  104  10:35  SCV, Missile Turret x2  
  114  10:54  Marauder  
  113  11:00  Marine x2  
  113  11:01  Marauder  
  104  11:04  Marine x3  
Tags
 
Add a new tag
Caveats
  • Supply blocks, unpowered buildings, or Contaminate may cause inaccurate times.
  • Supply counts are checked every 10 seconds.